AoeStats
← Fries

Arena

510375093Analyzed
4v4 RM · 1d ago on Sep 30, 2026· 45m 56s· 8 players
Game mode
Random Map
Map size
Large (8 player)
Population
200
Speed
Normal
Resources
Standard
Victory
Conquest
Starting age
Dark Age
Ending age
Imperial Age
RankedLock teamsTeams togetherTeam positionsShared explorationLock speedFull tech treeHidden civsTurbo modeCheats
Victory
Defeat
🇦🇷 Maya · Argentina
1557
+14
🇹🇼 Celts · Taiwan
1543
+14
🇨🇱 Burgundians · Chile
1515
+15
🇩🇪 Persians · Germany
1442
+18
🇫🇷 Britons · France
1625
-19
🇫🇷 Gurjaras · France
1582
-19
🇫🇷 Maya · France
1456
-14
🇫🇷 Khmer · France
1337
-9
ccereal
8:16 Feudal Age
7:08 Loom
8:52 Double-Bit Axe
14:07 Fletching
14:17 Padded Archer Armor
17:45 Wheelbarrow
20:49 Castle Age
20:17 Horse Collar
20:51 Crossbowman
21:53 Bodkin Arrow
23:20 Bow Saw
27:20 Leather Archer Armor
29:28 Heavy Plow
29:19 Gold Mining
31:08 Stone Mining
31:55 Gold Shaft Mining
32:09 Ballistics
34:27 Imperial Age
33:02 Hand Cart
32:33 Town Watch
34:26 Masonry
34:12 Murder Holes
35:16 Bracer
35:04 Arbalester
36:57 Chemistry
37:55 Two-Man Saw
37:54 Coinage
37:55 Yeomen
38:40 Ring Archer Armor
39:15 Banking
40:06 Warwolf
42:26 Architecture
Flybidi
9:53 Feudal Age
13:46 Castle Age
12:16 Double-Bit Axe
14:32 Padded Archer Armor
23:27 Wheelbarrow
23:03 Bow Saw
22:40 Horse Collar
29:11 Fletching
31:07 Hand Cart
30:54 Heavy Plow
30:44 Gold Mining
32:31 Town Watch
32:31 Loom
37:22 Imperial Age
35:35 Bloodlines
35:41 Husbandry
35:53 Stone Mining
36:54 Kshatriyas
38:43 Gold Shaft Mining
38:39 Crop Rotation
38:47 Town Patrol
38:24 Elite Shrivamsha Rider
39:11 Scale Barding Armor
39:17 Forging
39:28 Bodkin Arrow
41:31 Light Cavalry
Jungle Kriss
11:06 Feudal Age
14:48 Castle Age
13:29 Double-Bit Axe
13:42 Horse Collar
16:17 Bow Saw
16:52 Heavy Plow
34:48 Wheelbarrow
35:33 Scale Barding Armor
36:56 Hand Cart
36:29 Loom
39:18 Hand Cart
La Momone 38
0:34 Loom
10:26 Feudal Age
14:50 Castle Age
17:14 Double-Bit Axe
24:02 Wheelbarrow
29:26 Fletching
29:37 Padded Archer Armor
34:12 Imperial Age
32:14 Bow Saw
32:45 Forging
33:09 Scale Mail Armor
32:53 Eagle Warrior
34:37 Iron Casting
34:31 Chain Mail Armor
35:18 Conscription
35:09 Horse Collar
36:32 Blast Furnace
35:14 Man-at-Arms
35:50 Long Swordsman
36:44 Two-Handed Swordsman
41:10 Guilds
El Choro Stifen
5:43 Double-Bit Axe
8:04 Horse Collar
10:41 Feudal Age
11:50 Bow Saw
12:28 Town Watch
12:30 Loom
17:44 Castle Age
24:37 Castle Age
43:25 Heavy Plow
44:24 Stone Mining
44:27 Gold Mining
46:52 Wheelbarrow
TrCL.MAN1AC
11:11 Feudal Age
12:16 Double-Bit Axe
14:40 Castle Age
12:22 Horse Collar
15:18 Scale Barding Armor
18:31 Bloodlines
20:35 Wheelbarrow
19:53 Gold Mining
23:05 Chain Barding Armor
24:18 Forging
36:23 Heavy Plow
38:14 Hand Cart
40:07 Town Watch
40:14 Loom
43:26 Gold Shaft Mining
42:44 Stone Mining
44:52 Stone Shaft Mining
Fries
8:06 Loom
9:51 Feudal Age
11:54 Double-Bit Axe
14:51 Castle Age
23:21 Horse Collar
28:12 Wheelbarrow
28:13 Bow Saw
30:54 Hand Cart
31:22 Gold Mining
34:56 Imperial Age
31:52 Pikeman
35:10 Heavy Plow
35:57 Scale Mail Armor
37:07 Chain Mail Armor
38:43 Forging
39:04 Plate Mail Armor
38:59 Siege Engineers
39:15 Ballistics
39:55 Chemistry
39:05 Onager
39:45 Halberdier
41:28 Arson
41:28 Gambesons
43:04 Furor Celtica
43:15 Conscription
44:06 Iron Casting
45:53 Capped Ram
EL_REY_TUT
0:29 Loom
11:01 Feudal Age
11:50 Double-Bit Axe
14:44 Castle Age
12:40 Double-Bit Axe
14:37 Horse Collar
18:05 Bow Saw
21:32 Wheelbarrow
22:38 Town Watch
23:27 Fletching
23:50 Gold Mining
25:17 Scale Mail Armor
25:12 Bodkin Arrow
25:29 Padded Archer Armor
29:29 Imperial Age
27:48 Scale Mail Armor
28:14 Forging
27:47 Eagle Warrior
29:25 Heavy Plow
29:28 Squires
29:58 Chain Mail Armor
30:42 Iron Casting
29:33 Elite Eagle Warrior
30:35 Conscription
29:55 Capped Ram
31:12 Plate Mail Armor
31:46 Holcans
33:07 Devotion
33:00 Siege Ram
35:11 Hand Cart
36:29 Iron Casting
38:55 Crop Rotation
39:25 Two-Man Saw
40:22 Blast Furnace
40:43 Pikeman
44:42 Coinage
44:20 Arson
44:01 Halberdier
46:25 Town Patrol
46:27 Bracer
45:49 Man-at-Arms
45:52 Elite Plumed Archer
Connection lost

Rejoining the realm…

Still unreachable

The connection could not be restored.

Session expired

The server has moved on; the page needs a fresh start.